 Dungeon Crawl Stone Soup version 0.16.2-12-gd0ad4c3 (webtiles) character file.

56 faibistes the Magician (level 3, -7/19 HPs)
             Began as a Deep Elf Wizard on Apr 10, 2018.
             Mangled by a river rat (8 damage)
             ... in a sewer.
             The game lasted 00:05:35 (2098 turns).

faibistes the Magician (Deep Elf Wizard)            Turns: 2098, Time: 00:05:36

Health: -7/19      AC:  2    Str:  4    XL:     3   Next: 71%
Magic:  2/14       EV: 13    Int: 23    God:
Gold:   92         SH:  0    Dex: 13    Spells: 5 memorised, 2 levels left

rFire  . . .     SeeInvis .     o - +0 dagger
rCold  . . .     Clarity  .     a - +0 robe
rNeg   . . .     SustAb   .     (no shield)
rPois  .         Gourm    .     b - +0 hat
rElec  .         Spirit   .     (no cloak)
rCorr  .         Warding  .     (no gloves)
rMut   .         Stasis   .     (no boots)
MR     .....                    (no amulet)
Stlth  ++........               (no ring)
                                n - ring of flight

@: very slightly contaminated, not resistant to hostile enchantments, unstealthy
A: no striking features
a: Evoke Flight


You were in a sewer.
You were hungry.

You visited 1 branch of the dungeon, and saw 3 of its levels.
You also visited: Sewer.

You collected 92 gold pieces.

Inventory:

Hand weapons
 g - a +0 short sword
 o - a +0 dagger (weapon)
Armour
 a - a +0 robe (worn)
 b - a +0 hat (worn)
Jewellery
 n - a ring of flight (left hand)
Magical devices
 p - a wand of slowing (19)
Scrolls
 e - 2 scrolls of random uselessness
 m - a scroll of remove curse
Potions
 j - a potion of mutation {unknown}
 k - a potion of curing {unknown}
 l - 2 potions of haste
 r - a potion of might {unknown}
Books
 c - a book of Minor Magic

   Spells                             Type                      Level
   a - Magic Dart                     Conjuration                  1
   b - Blink                          Translocation                2
   c - Call Imp                       Summoning                    2
   d - Repel Missiles                 Charms/Air                   2
   e - Slow                           Hexes                        2
   f - Conjure Flame                  Conjuration/Fire             3
   g - Mephitic Cloud                 Conjuration/Poison/Air       3
Comestibles
 d - 2 bread rations
 f - 2 meat rations
 h - a chunk of flesh
 i - 3 fruits
 q - a beef jerky


   Skills:
 + Level 3.3 Dodging
 - Level 2.4 Stealth
 * Level 5.5 Spellcasting
 * Level 2.1 Conjurations
 - Level 1.1 Summonings
 - Level 1.1 Translocations


You had 2 spell levels left.
You knew the following spells:

 Your Spells              Type           Power        Failure   Level  Hunger
a - Magic Dart            Conj           ###.         4%          1    None
b - Conjure Flame         Conj/Fire      ##......     21%         3    ##.....
c - Call Imp              Summ           ##......     12%         2    None
d - Blink                 Tloc           N/A          12%         2    None
e - Mephitic Cloud        Conj/Pois/Air  #.......     21%         3    ##.....


Dungeon Overview and Level Annotations

Branches:
Dungeon (3/15)

Altars:


Message History

Confirm with . or Enter, or press ? or * to list all spells.
Aiming: Mephitic Cloud
Press: ? - help, Shift-Dir - straight line, f/p - river rat
Aim: a river rat (heavily wounded)
You miscast Mephitic Cloud.
You are very lightly contaminated with residual magic.
You are blasted with air!
You are feeling hungry.
Unknown command.
You hit the river rat.
The river rat is severely wounded.
The river rat bites you.
You hit the river rat.
The river rat is almost dead.
The river rat bites you!
* * * LOW HITPOINT WARNING * * *
You hit the river rat.
The river rat is almost dead.
The river rat bites you!
You die... ##################### ≈≈≈≈≈≈≈5@rr..∩.∩....# #####################

You could see a river rat, a rat and a friendly crimson imp.

Vanquished Creatures
  An adder (D:3)
  3 giant geckos
  An ooze (D:2)
  5 orcs (D:3)
  2 goblins (D:1)
  8 hobgoblins
  3 kobolds
  A ball python (D:3)
  4 bats (D:1)
  2 giant cockroaches (D:1)
  A giant newt (D:2)
  6 rats
37 creatures vanquished.

Vanquished Creatures (collateral kills)
  3 rats (Sewer)
3 creatures vanquished.

Grand Total: 40 creatures vanquished

Notes
Turn   | Place    | Note
--------------------------------------------------------------
     0 | D:1      | faibistes, the Deep Elf Wizard, began the quest for the Orb.
     0 | D:1      | Reached XP level 1. HP: 10/10 MP: 6/6
   528 | D:1      | Reached XP level 2. HP: 10/15 MP: 2/10
   536 | D:1      | Learned a level 2 spell: Blink
   539 | D:1      | Learned a level 2 spell: Call Imp
  1210 | D:1      | Reached skill level 5 in Spellcasting
  1696 | D:3      | Reached XP level 3. HP: 19/19 MP: 7/14
  1701 | D:3      | Learned a level 3 spell: Conjure Flame
  1706 | D:3      | Learned a level 3 spell: Mephitic Cloud
  2054 | D:3      | Found a glowing drain.
  2062 | Sewer    | Entered a sewer
  2098 | Sewer    | Mangled by a river rat

Action                   || total
-------------------------++-------
Melee: Dagger            ||    14
 Cast: Magic Dart        ||    98
       Call Imp          ||     4
       Mephitic Cloud    ||     2
  Use: Scroll            ||     5
  Eat: Chunk             ||     3
